 Dungeon Crawl Stone Soup version 0.24-a0-479-g9a978d2894 (webtiles) character file.

Game seed: 5871506447398995883

20839 Gwenloh the Cruncher (level 12, -12/106 HPs)
             Began as a Minotaur Gladiator on July 7, 2019.
             Was the Champion of Makhleb.
             Engulfed by an ice statue's freezing vapour (22 damage)
             ... in an ice cave.
             The game lasted 00:57:08 (13530 turns).

Gwenloh the Cruncher (Minotaur Gladiator)          Turns: 13530, Time: 00:57:08

Health: -12/106    AC: 15    Str: 24    XL:     12   Next: 48%
Magic:  18/18      EV: 21    Int:  5    God:    Makhleb [******]
Gold:   656        SH:  0    Dex: 20    Spells: 11/11 levels left

rFire    . . .     SeeInvis .   a - +2 quarterstaff (protect)
rCold    . . .     Gourm    .   (shield currently unavailable)
rNeg     . . .     Faith    .   L - +0 steam dragon scales
rPois    +         Spirit   .   c - +1 hat
rElec    .         Reflect  .   (no cloak)
rCorr    .         Harm     .   (no gloves)
MR       .....                  (no boots)
Stlth    ++........             (no amulet)
HPRegen  0.27/turn              E - ring of Qomuica {rPois Str+5}
MPRegen  0.16/turn              R - +3 ring of dexterity

@: protection aura
A: retaliatory headbutt, horns 2
a: Minor Destruction, Lesser Servant of Makhleb, Major Destruction, Greater
Servant of Makhleb, Renounce Religion


You were in an ice cave.
You worshipped Makhleb.
Makhleb was exalted by your worship.
You were not hungry.

You visited 2 branches of the dungeon, and saw 13 of its levels.
You also visited: Sewer and Ice Cave.

You collected 656 gold pieces.

Inventory:

Hand Weapons
 a - a +2 quarterstaff of protection (weapon)
 b - a +0 shortbow
Missiles
 d - 4 throwing nets (quivered)
 y - 2 boomerangs
 D - 61 arrows
Armour
 c - a +1 hat (worn)
 o - a +0 chain mail
 t - a +0 scale mail
 L - +0 steam dragon scales (worn)
Magical Staves
 u - an uncursed staff of poison
Jewellery
 w - an uncursed ring of fire
 E - the ring of Qomuica (left hand) {rPois Str+5}
   (You found it on level 5 of the Dungeon)

   [ring of poison resistance]

   It affects your strength (+5).
   It protects you from poison.
 K - a +1 ring of evasion
 R - a +3 ring of dexterity (right hand)
Wands
 g - a wand of clouds (2)
 i - a wand of enslavement (7)
 z - a wand of iceblast (15)
 H - a wand of paralysis (8)
 N - a wand of flame (33)
Scrolls
 h - 3 scrolls of remove curse
 r - 2 scrolls of amnesia
 x - 4 scrolls of teleportation
 F - 2 scrolls of magic mapping
 G - 3 scrolls of blinking
 I - 4 scrolls of fear
 J - 3 scrolls of fog
 O - a scroll of brand weapon {unknown}
 P - a scroll of enchant weapon
 Q - a scroll of silence {unknown}
 S - a scroll of identify
Potions
 e - 3 potions of cancellation
 j - 4 potions of flight
 k - 2 potions of berserk rage
 l - 4 potions of curing
 m - 2 potions of might
 n - 4 potions of ambrosia {unknown}
 p - a potion of haste {unknown}
 q - a potion of degeneration {unknown}
 s - a potion of mutation {unknown}
 v - 2 potions of lignification
 A - a potion of brilliance {unknown}
 B - a potion of agility {unknown}
 C - a potion of magic {unknown}
 M - a potion of invisibility {unknown}
Comestibles
 f - 21 rations
 T - 6 chunks of flesh


   Skills:
 - Level 10.0 Fighting
 + Level 11.8 Staves
 + Level 5.4 Bows
 - Level 2.0 Throwing
 + Level 10.6 Armour
 + Level 11.0 Dodging
 + Level 9.3 Invocations


You had 11 spell levels left.
You didn't know any spells.
Your spell library contained the following spells:

 Spells                   Type           Power        Failure   Level  Hunger
 Confusing Touch          Hex            #.....       47%         1    ##.....
 Infusion                 Chrm           #...         47%         1    ##.....
 Shroud of Golubria       Chrm/Tloc      #.....       63%         2    ###....
 Song of Slaying          Chrm           #.......     63%         2    ###....
 Confuse                  Hex            #.......     85%         3    ####...
 Gell's Gravitas          Tloc           #.........   85%         3    ####...
 Regeneration             Chrm/Necr      #.........   85%         3    ####...
 Spectral Weapon          Hex/Chrm       #.......     85%         3    ####...
 Petrify                  Tmut/Erth      #.......     99%         4    #####..
 Metabolic Englaciation   Hex/Ice        #.........   100%        5    ######.
 Yara's Violent Unravell  Hex/Tmut       #.........   100%        5    ######.


Dungeon Overview and Level Annotations

Branches:
Dungeon (9/15)             Temple (0/1) D:6            Lair (4/6) D:8
 Shoals (0/4) Lair:2
  Snake: Lair:2-4    Spider: Lair:2-4       Orc: D:9-12

Altars:
Cheibriados
Elyvilon
Fedhas
Kikubaaqudgha
Makhleb
Nemelex Xobeh
Okawaru
Qazlal
Sif Muna
Trog
Wu Jian
Xom

Shops:
D:8 (

Annotations:
D:4 Natasha
Lair:1 exclusion: oklob plant IceCv exclusion: 2 ice statues


Innate Abilities, Weirdness & Mutations

You reflexively headbutt those who attack you in melee.
You have a pair of horns on your head.


Message History

The ice statue is moderately damaged.
You are engulfed in freezing vapours.
The ice beast completely misses you.
You hit the ice statue.
You headbutt the ice statue, but do no damage.
The ice statue is moderately damaged.
You are engulfed in freezing vapours.
The ice beast hits you but does no damage.
You hit the ice statue.
The ice statue is moderately damaged.
The ice statue gestures at you. The freezing blast engulfs you!
The ice beast barely misses you. The ice statue gestures at you.
The freezing blast engulfs you!!
* * * LOW HITPOINT WARNING * * *
The ice beast hits you.
* * * LOW HITPOINT WARNING * * *
The ice beast freezes you!
* * * LOW HITPOINT WARNING * * *
You are engulfed in freezing vapours.
You die...

...# #...##
#...#####...##
#...#.#....##
#..#..#...#
###.####..#
#####÷.## #..##
##☼§####
##8#.☼@§#8##
#....○Y☼Y○☼#
......§☼○§§..#
.......☼☼.°...#
...............#
...............#
..............##
##...........##
###........##


You could see 2 ice beasts.

Vanquished Creatures
  A hydra (Lair:2)
  A queen ant (Lair:3)
  4 elephants (Lair:2)
  Joseph (D:8)
  2 black mambas (Lair:2)
  3 rime drakes
  A kobold demonologist (D:8)
  7 spiny frogs
  3 komodo dragons
  A troll (D:8)
  3 hippogriffs
  A snapping turtle (Lair:2)
  3 blink frogs (Lair:1)
  Sigmund (D:2)
  A wyvern (Lair:1)
  12 yaks
  A basilisk (Lair:2)
  A spriggan (D:7)
  A steam dragon (D:9)
  17 soldier ants
  2 water moccasins
  4 porcupines
  A black bear (D:8)
  An orc warrior (D:9)
  11 ice beasts (IceCv)
  4 phantoms
  2 sky beasts
  Purgy (D:4)
  5 ogres
  2 centaurs
  7 crocodiles
  17 big kobolds
  11 bullfrogs
  2 gnoll sergeants
  2 scorpions
  A water moccasin skeleton (D:4)
  6 killer bees (D:8)
  2 electric eels
  2 crimson imps
  A centaur zombie (D:5)
  2 quasits
  5 orc priests
  3 hounds
  4 jellies
  3 orc wizards
  A bullfrog skeleton (D:4)
  2 centaur skeletons
  4 iguanas
  Natasha (D:4)
  24 worker ants
  A mummy (D:8)
  Robin (D:3)
  4 gnolls
  14 adders
  An ooze (D:3)
  An adder zombie (D:7)
  3 worms
  3 dart slugs
  7 leopard geckos
  30 orcs
  5 ball pythons
  6 giant cockroaches
  13 goblins
  12 hobgoblins
  3 jackals
  21 kobolds
  6 quokkas
  8 bats
  8 frilled lizards
  A jackal skeleton (D:8)
  A leopard gecko skeleton (D:4)
  A quokka skeleton (D:7)
  A quokka zombie (D:9)
  10 rats
359 creatures vanquished.

Vanquished Creatures (others)
  2 orcs (D:9)
  2 plants (Lair:1)
4 creatures vanquished.

Grand Total: 363 creatures vanquished

Notes
Turn   | Place    | Note
-------+----------+-------------------------------------------
     0 | D:1      | Gwenloh the Minotaur Gladiator began the quest for the Orb.
     0 | D:1      | Reached XP level 1. HP: 18/18 MP: 0/0
   218 | D:1      | Reached XP level 2. HP: 25/25 MP: 1/1
   395 | D:1      | You fall into a shaft and drop 1 floor!
   459 | D:2      | Found a burning altar of Makhleb.
   467 | D:2      | Became a worshipper of Makhleb the Destroyer
   600 | D:2      | Noticed Sigmund
   609 | D:2      | Reached XP level 3. HP: 31/31 MP: 2/2
  1776 | D:2      | Reached XP level 4. HP: 31/38 MP: 3/3
  2329 | D:2      | Killed Sigmund
  2329 | D:2      | Reached skill level 5 in Staves
  2329 | D:2      | Reached skill level 1 in Invocations
  2329 | D:2      | Reached XP level 5. HP: 19/47 MP: 3/5
  2684 | D:3      | Reached * piety under Makhleb
  2703 | D:3      | Noticed Robin
  2711 | D:3      | Killed Robin
  3064 | D:3      | Reached XP level 6. HP: 53/53 MP: 6/6
  3824 | D:4      | Reached ** piety under Makhleb
  3867 | D:4      | Found an ancient bone altar of Kikubaaqudgha.
  3898 | D:4      | Noticed Purgy
  3907 | D:4      | Killed Purgy
  3907 | D:4      | Reached skill level 1 in Armour
  3907 | D:4      | Reached skill level 5 in Dodging
  4249 | D:4      | Reached skill level 5 in Fighting
  4316 | D:4      | Noticed Natasha
  4323 | D:4      | Killed Natasha
  4323 | D:4      | Reached XP level 7. HP: 59/61 MP: 7/7
  4365 | D:4      | Noticed Natasha
  4660 | D:5      | Entered Level 5 of the Dungeon
  4874 | D:5      | Reached XP level 8. HP: 70/70 MP: 9/9
  4966 | D:5      | Found a sparkling altar of Nemelex Xobeh.
  5036 | D:5      | Found an iron altar of Okawaru.
  5108 | D:5      | Reached *** piety under Makhleb
  5373 | D:5      | Got a scorched tin ring
  5652 | D:6      | Found a staircase to the Ecumenical Temple.
  5691 | D:6      | Found a glowing drain.
  5729 | Sewer    | Entered a sewer
  6338 | D:6      | Reached skill level 5 in Armour
  6628 | D:6      | Reached XP level 9. HP: 73/79 MP: 11/11
  6863 | D:7      | You fall into a shaft and drop 2 floors!
  6913 | D:9      | Reached skill level 5 in Invocations
  6918 | D:9      | Reached **** piety under Makhleb
  6988 | D:9      | Found a deep blue altar of Sif Muna.
  7120 | D:8      | Found a snail-covered altar of Cheibriados.
  7295 | D:7      | Identified the ring of Qomuica {rPois Str+5} (You found it
                  | on level 5 of the Dungeon)
  7507 | D:7      | Identified a scroll of acquirement
  7917 | D:7      | Found a white marble altar of Elyvilon.
  7917 | D:7      | Found a stormy altar of Qazlal.
  8057 | D:8      | Found a staircase to the Lair.
  8093 | D:8      | Noticed a troll
  8096 | D:8      | Noticed Joseph
  8102 | D:8      | Killed a troll
  8102 | D:8      | Reached XP level 10. HP: 82/90 MP: 13/13
  8123 | D:8      | Killed Joseph
  8531 | D:8      | Reached ***** piety under Makhleb
  8881 | D:8      | Noticed a moth of wrath
  8884 | D:8      | Found a bloodstained altar of Trog.
  8926 | D:8      | Found Kuagaf's Antique Weapon Shop.
  9001 | D:8      | Found a blossoming altar of Fedhas.
  9163 | Lair:1   | Entered Level 1 of the Lair of Beasts
  9191 | Lair:1   | Noticed a spiny frog
  9217 | Lair:1   | Killed a spiny frog
  9374 | Lair:1   | Noticed a spiny frog
  9382 | Lair:1   | Reached skill level 10 in Staves
  9393 | Lair:1   | Killed a spiny frog
  9393 | Lair:1   | Reached XP level 11. HP: 73/99 MP: 15/15
  9627 | Lair:1   | Reached skill level 10 in Fighting
  9820 | Lair:1   | Reached skill level 1 in Bows
  9956 | Lair:1   | Noticed an oklob plant
 10773 | Lair:2   | Noticed a four-headed hydra
 10781 | Lair:2   | Killed a four-headed hydra
 10792 | Lair:2   | Reached skill level 10 in Dodging
 11328 | Lair:2   | Found a shimmering altar of Xom.
 11390 | Lair:2   | Found a staircase to the Shoals.
 12094 | Lair:3   | Reached XP level 12. HP: 106/106 MP: 17/17
 12139 | Lair:2   | Reached skill level 10 in Armour
 12372 | Lair:3   | Found an ornate altar of the Wu Jian Council.
 12701 | Lair:3   | Noticed a queen ant
 12703 | Lair:3   | Reached ****** piety under Makhleb
 12722 | Lair:3   | Killed a queen ant
 12722 | Lair:3   | Reached skill level 5 in Bows
 13178 | Lair:4   | Found a frozen archway.
 13257 | IceCv    | Entered an ice cave
 13530 | IceCv    | Engulfed by an ice statue's freezing vapour

Levels and vault maps discovered:
D:1:      minmay_arrival_checkered_box, layout_basic
D:2:      cheibrodos_greedy_goblins, layout_loops_corners, old_standard_altar,
          uniq_sigmund
D:3:      minmay_angry_zag, layout_loops_ring, first_ration, uniq_robin
D:4:      layout_layer_cave, kiku_gazebo_garden_becter, uniq_purgy, uniq_natasha
D:5:      layout_loops_ring, nemelex_xobeh_ov_fountains_minmay,
          okawaru_altar_gauntlet_db, st_stairs_13
D:6:      layout_basic, minmay_temple_entry_overgrown,
          cheibrodos_sewer_entry_bend
D:7:      nicolae_whirlpool, layout_rooms, gammafunk_temple_overflow_wave,
          the_bakery, minmay_fractal_squares_diagonal_5
D:8:      layout_loops_ring, slow_altar_1, tgw_trog, dpeg_oklobed_lair,
          special_room [special_room_kobold], serial_shops, shop,
          fedhas_altar_4, uniq_joseph
D:9:      layout_basic, grunt_dithmenos_shadows, lemuel_round_altar
Lair:1:   layout_gridlike, serial_bayou_pond_a, serial_bayou_shore_b,
          minmay_lair_oklob_chamber, grunt_megastairs_3
Lair:2:   layout_hall_layers, minmay_shoals_entry_hut, basic_altar
Lair:3:   layout_chaotic_city, basic_altar, minivault_29, grunt_megastairs_1
Lair:4:   layout_gridlike, minmay_snake_entry_guardpost_large,
          portal_ice_cave_rime
IceCv:    ice_cave_small_dragons

Skill      XL: |  1  2  3  4  5  6  7  8  9 10 11 12 |
---------------+-------------------------------------+-----
Staves         | 4 5 6 7 8 10 11 | 11.8
Fighting       | 3 4 5 7 8 9 10 | 10.0
Dodging        | 4 5 7 8 9 10 11 | 11.0
Invocations    | 1 2 3 4 6 7 8 9 |  9.3
Armour         | 2 3 5 6 8 9 10 | 10.6
Bows           | 4 5 |  5.4
Throwing       | |  2.0

Action                   |  1- 3 |  4- 6 |  7- 9 | 10-12 || total
-------------------------+-------+-------+-------+-------++-------
Melee: Quarterstaff      |    61 |   123 |   329 |   663 ||  1176
       Headbutt          |     5 |    16 |    66 |   187 ||   274
 Fire: Shortbow          |       |       |    29 |    63 ||    92
Invok: Minor Destruction |       |       |     1 |     1 ||     2
Evoke: Wand              |       |       |       |     3 ||     3
  Use: Scroll            |     4 |     4 |    13 |     1 ||    22
       Potion            |       |     2 |     2 |     2 ||     6
 Stab: Distracted        |       |       |     1 |     1 ||     2
       Sleeping          |       |       |       |     1 ||     1
  Eat: Chunk             |     3 |     7 |    13 |    11 ||    34
       Ration            |       |       |       |     2 ||     2
Armor: Leather armour    |    13 |     4 |       |       ||    17
       Ring mail         |       |    23 |    48 |       ||    71
       Steam dragon scal |       |       |    16 |   143 ||   159
Dodge: Dodged            |    47 |    80 |   219 |   478 ||   824

Table legend:
 A = Non-vault XP
 B = Vault XP
 C = Vault XP percentage of total XP
 D = Non-vault monster count
 E = Vault monster count
 F = Vault count percentage of total count
                 A         B        C        D         E       F
            +---------+---------+-------+---------+---------+-------
      Total |   17698 |   12072 |  40.6 |     224 |     135 |  37.6
            +---------+---------+-------+---------+---------+-------
        D:1 |      43 |       0 |   0.0 |      17 |       0 |   0.0
        D:2 |      49 |     225 |  82.1 |      16 |       8 |  33.3
        D:3 |      96 |      36 |  27.3 |      25 |      11 |  30.6
        D:4 |     361 |     164 |  31.2 |      19 |       2 |   9.5
        D:5 |    1232 |      28 |   2.2 |      24 |       8 |  25.0
        D:6 |     508 |      10 |   1.9 |      12 |       2 |  14.3
        D:7 |     648 |     756 |  53.8 |      21 |       8 |  27.6
        D:8 |    1472 |    2449 |  62.5 |      26 |      33 |  55.9
        D:9 |     831 |       0 |   0.0 |      14 |       0 |   0.0
     Lair:1 |    4409 |    1001 |  18.5 |      21 |       3 |  12.5
     Lair:2 |    7468 |     572 |   7.1 |      26 |       3 |  10.3
     Lair:3 |     438 |    4163 |  90.5 |       2 |      35 |  94.6
     Lair:4 |     143 |     731 |  83.6 |       1 |       2 |  66.7
      Sewer |       0 |     127 | 100.0 |       0 |       8 | 100.0
      IceCv |       0 |    1810 | 100.0 |       0 |      12 | 100.0
            +---------+---------+-------+---------+---------+-------
